 Dungeon Crawl Stone Soup version 0.31-a0-704-g1016066182 (webtiles) character file.

Game seed: 879332113309545340

9 CrazyBamboolord the Changeling (level 2, 0/21 HPs)
             Began as a Merfolk Shapeshifter on Sept 9, 2023.
             Slain by a worm (9 damage)
             ... on level 1 of the Dungeon.
             The game lasted 00:00:27 (273 turns).

CrazyBamboolord the Changeling (MfSh)                Turns: 273, Time: 00:00:27

Health: 0/21       AC:  2    Str: 14    XL:     2   Next: 16%
Magic:  2/2        EV: 12    Int:  9    God:
Gold:   13         SH:  0    Dex: 13    Spells: 1/1 levels left

rFire   . .          .
                       - Unarmed
rCold   . . .        (no shield)
rNeg    . . .        a - +0 animal skin
rPois   .            (helmet currently unavailable)
rElec   .            (cloak currently unavailable)
rCorr   .            (gloves currently unavailable)
SInv    .            (boots currently unavailable)
Will    .....        (no amulet)
Stlth   +            (no ring)
HPRegen 0.23/turn    (no ring)
MPRegen 0.08/turn

%: no passive effects
@: beast-form
A: beast (slay +2), (nimble swimmer 2), mertail
a: Begin Untransformation


You were on level 1 of the Dungeon.
You were a hulking beast.
You visited 1 branch of the dungeon, and saw 1 of its levels.

You collected 13 gold pieces.

Inventory:

Armour
 a - a +0 animal skin (worn)
Talismans
 c - a beast talisman (active)
 d - a flux talisman
Scrolls
 e - a scroll of fear {unknown}
 f - a scroll of teleportation {unknown}
Potions
 b - a potion of lignification


   Skills:
 - Level 1.1 Fighting
 - Level 2.6 Dodging
 - Level 3.2 Unarmed Combat
 + Level 4.7 Shapeshifting


You had one spell level left.
You didn't know any spells.
Your spell library was empty.

Dungeon Overview and Level Annotations

Branches:
Dungeon (1/15)

Altars:


Innate Abilities, Weirdness & Mutations

You are a hulking beast.
Your limbs bulge with bestial killing power. (Slay +2)
((You are very nimble when in or above water. (Stealth+, EV+, Speed+++)))
Your lower body shifts to a powerful aquatic tail in water.


Message History

You now have 13 gold pieces.
A hobgoblin comes into view.
The helpless hobgoblin fails to defend itself.
You hit the hobgoblin.
The hobgoblin is moderately wounded.
You hit the hobgoblin.
You kill the hobgoblin!
No target in view!
No target in view!
You see here a hobgoblin corpse.
A giant cockroach comes into view.
Found a leather armour.
A giant cockroach is nearby!
You hit the giant cockroach.
You kill the giant cockroach!
You have reached level 2!
A kobold comes into view. It is wielding a +0 club.
A kobold is nearby!
A worm and a kobold come into view.
Found a stone staircase leading down.
The kobold shouts!
You hear an angry hiss.
You completely miss the kobold. The kobold hits you with a +0 club.
You hit the kobold.
The kobold is moderately wounded.
The kobold closely misses you.
A ball python comes into view.
You hit the kobold.
You kill the kobold!
The kobold falls through a shaft!
The shaft crumbles and collapses.
A goblin comes into view. It is wielding a +0 club.
The goblin shouts!
The worm bites you!
Ouch! That really hurt!
The ball python falls through a shaft!
The shaft crumbles and collapses.
You are too injured to fight recklessly!
The goblin hits you with a +0 club.
You hit the goblin.
You kill the goblin!
The worm bites you!
You die...

#....###.##.#
#.....##.##.#
##..#.......#
#..####.#### ## ###
#.......# #. ..#
##.###### ..## #.#
#.# ..^## #.# #.#
....###.###### #h#
.....#.......###w###
......##...w.......#
....).##.###.###.#.#
^.....##.# #.# ....#
.....#...# #.# ....#
.^^.######
#.##...... ...##
#.###.####. ..## ..#
#[# #


You could see a worm.

Vanquished Creatures
  2 giant cockroaches (D:1)
  A goblin (D:1)
  A hobgoblin (D:1)
  2 bats (D:1)
  A frilled lizard (D:1)
  2 kobolds (D:1)
9 creatures vanquished.

Notes
Turn   | Place    | Note
-------+----------+-------------------------------------------
     0 | D:1      | CrazyBamboolord the Merfolk Shapeshifter began the quest
                  | for the Orb.
     0 | D:1      | Reached XP level 1. HP: 15/15 MP: 1/1
   231 | D:1      | Reached XP level 2. HP: 21/21 MP: 2/2
   273 | D:1      | Slain by a worm

Illustrated notes

Levels and vault maps discovered:
D:1:      scummos_arrival_hexagon, layout_loops_corners, nicolae_wormholes

Action                     || total
---------------------------++-------
  Melee: Unarmed           ||    20
   Stab: Sleeping          ||     1
 Armour: Animal skin       ||    11
  Dodge: Dodged            ||     6

Table legend: (Time is in decaauts)
 A = Elapsed time spent in this place.
 B = Non-inter-level travel time spent in this place.
 C = Inter-level travel time spent in this place.
 D = Time resting spent in this place.
 E = Time spent auto-exploring this place.
 F = Levels seen in this place.
 G = Mean time per level.
                   A        B        C        D        E       F      G
               +--------+--------+--------+--------+--------+-----+--------+
         Total |    271 |    271 |      0 |      0 |    200 |   1 |  271.0 |
       Dungeon |    271 |    271 |      0 |      0 |    200 |   1 |  271.0 |
               +--------+--------+--------+--------+--------+-----+--------+

Top non-repeatable levels by time:
     D:1: 271 daAuts
